 Dungeon Crawl Stone Soup version 0.22.0-16-gc6d26f6 (webtiles) character file.

74 Lauz the Slasher (level 4, -1/40 HPs)
             Began as a Minotaur Berserker on Aug 17, 2018.
             Was a Believer of Trog.
             Slain by Sigmund
             ... wielding a +0 scythe
              (5 damage)
             ... on level 2 of the Dungeon.
             The game lasted 00:04:40 (2123 turns).

Lauz the Slasher (Minotaur Berserker)               Turns: 2123, Time: 00:04:40

Health: -1/40      AC:  3    Str: 22    XL:     4   Next: 9%
Magic:  3/3        EV: 12    Int:  4    God:    Trog [**....]
Gold:   50         SH:  0    Dex: 10    Spells: 3/3 levels left

rFire    . . .     SeeInvis .   a - +0 falchion
rCold    . . .     Gourm    .   (no shield)
rNeg     . . .     Faith    .   b - +0 animal skin
rPois    .         Spirit   .   (helmet restricted)
rElec    .         Reflect  .   (no cloak)
rCorr    .         Harm     .   (no gloves)
MR       .....                  c - +0 pair of boots
Stlth    +.........             (no amulet)
HPRegen  0.13/turn              (no ring)
MPRegen  0.08/turn              (no ring)

@: berserk cooldown, slowed, very slow
A: retaliatory headbutt, horns 2
a: Berserk, Trog's Hand, Renounce Religion


You were on level 2 of the Dungeon.
You worshipped Trog.
Trog was pleased with you.
You were not hungry.

You visited 1 branch of the dungeon, and saw 2 of its levels.

You collected 50 gold pieces.

Inventory:

Hand Weapons
 a - a +0 falchion (weapon)
Armour
 b - a +0 animal skin (worn)
 c - a +0 pair of boots (worn)
Jewellery
 i - a +5 ring of evasion {unknown}
Scrolls
 d - 5 scrolls of teleportation {unknown}
 e - a scroll of magic mapping {unknown}
 f - 2 scrolls of identify {unknown}
 g - 2 scrolls of amnesia {unknown}
 k - a scroll of enchant weapon {unknown}
Potions
 h - a potion of magic {unknown}
 j - a potion of lignification {unknown}


   Skills:
 + Level 4.0 Fighting
 * Level 5.3 Long Blades
 + Level 2.4 Armour
 + Level 2.7 Dodging
 + Level 0.2 Stealth


You had 3 spell levels left.
You didn't know any spells.
Your spell library was empty.

Dungeon Overview and Level Annotations

Branches:
Dungeon (2/15)

Altars:

Annotations:
D:2 Sigmund


Innate Abilities, Weirdness & Mutations

You reflexively headbutt those who attack you in melee.
You have a pair of horns on your head.


Message History

You see here a goblin corpse.
You closely miss something. The goblin barely misses you.
You hit something.
You hear some strange, mumbled words.
A puff of flame appears from out of thin air!
The puff of flame misses you.
The puff of flame hits the goblin.
The goblin dies!
The worm bites you.
* * * LOW HITPOINT WARNING * * *
You miss something. Your headbutt misses something. You miss something.
Something hits you.
* * * LOW HITPOINT WARNING * * *
The worm bites you.
* * * LOW HITPOINT WARNING * * *
You miss something.
You are no longer berserk.
You are exhausted.
You feel yourself slow down.
You miss something. Something hits you.
You die...

#####.†....# .
.............##. .###
......##.#......##...##.
...#....................
..###.##.#..............
.####....#..............
.......###..............
........................
.#............))@{......
.###..........).w.......
.##...........†##.......
###.#########......####.
##..# ##........ #..##
#.###..#. ..## #.# #.# .
.## ..? ... .# ... #


You could see a worm.

Vanquished Creatures
  Robin (D:2)
  A gnoll (D:1)
  3 dart slugs
  A giant cockroach (D:1)
  18 goblins
  4 hobgoblins
  4 jackals (D:1)
  3 bats (D:1)
  2 frilled lizards (D:1)
  5 kobolds (D:1)
  5 rats
47 creatures vanquished.

Vanquished Creatures (others)
  A goblin (D:2)
1 creature vanquished.

Grand Total: 48 creatures vanquished

Notes
Turn   | Place    | Note
-------+----------+-------------------------------------------
     0 | D:1      | Lauz the Minotaur Berserker began the quest for the Orb.
     0 | D:1      | Reached XP level 1. HP: 19/19 MP: 0/0
    49 | D:1      | Reached skill level 4 in Long Blades
    49 | D:1      | Reached XP level 2. HP: 25/27 MP: 1/1
   329 | D:1      | Reached ** piety under Trog
   423 | D:1      | Reached XP level 3. HP: 33/33 MP: 2/2
  2098 | D:2      | Noticed Robin
  2102 | D:2      | Noticed Sigmund
  2104 | D:2      | Reached skill level 5 in Long Blades
  2115 | D:2      | Killed Robin
  2115 | D:2      | Reached XP level 4. HP: 30/40 MP: 3/3
  2123 | D:2      | Slain by Sigmund

Skill      XL: |  1  2  3 |
---------------+----------+-----
Long Blades    | 4 5 |  5.3
Fighting       | 4 |  4.0
Armour         | |  2.4
Dodging        | |  2.7
Stealth        | |  0.2

Action                   |  1- 3 |  4- 6 || total
-------------------------+-------+-------++-------
Melee: Falchion          |    83 |     7 ||    90
       Headbutt          |    10 |       ||    10
Invok: Berserk           |     1 |       ||     1
 Stab: Sleeping          |     1 |       ||     1
  Eat: Ration            |     1 |       ||     1
       Chunk             |     1 |       ||     1
Armor: Animal skin       |    12 |       ||    12
Dodge: Dodged            |    61 |     6 ||    67
       Rpst.: Falchion   |    11 |     1 ||    12
